 Dungeon Crawl Stone Soup version 0.29.0-4-gdea44cf6ec (webtiles) character file.

Game seed: 4090464249101803412

6580 qw the Cleaver (level 11, 0/64 HPs)
             Began as a Tengu Warper on Aug 28, 2022.
             Was an Elder of Okawaru.
             Slain by a centaur (1 damage)
             ... on level 10 of the Dungeon.
             The game lasted 00:01:16 (10572 turns).

qw the Cleaver (Tengu Warper)                      Turns: 10572, Time: 00:01:16

Health: 0/64       AC: 24    Str: 16    XL:     11   Next: 1%
Magic:  14/15      EV: 14    Int: 13    God:    Okawaru [****..]
Gold:   63         SH:  0    Dex: 14    Spells: 14/14 levels left

rFire   . . .      SeeInvis +   Y - +1 war axe
rCold   . . .      Faith    .   (no shield)
rNeg    . . .      Spirit   .   c - +2 plate armour
rPois   +          Reflect  .   (helmet restricted)
rElec   .          Harm     .   i - +2 cloak
rCorr   .          Rampage  .   f - +2 pair of gloves
Will    +....                   (boots unavailable)
Stlth   ..........              (no amulet)
HPRegen 0.20/turn               u - ring of Nipij {rPois Will+ SInv}
MPRegen 0.14/turn               m - +4 ring of evasion

@: about to teleport, heroic, flying quickly and evasively, quick
A: beak, talons 3, nimble flight
a: Renounce Religion, Heroism, Finesse


You were on level 10 of the Dungeon.
You worshipped Okawaru.
Okawaru was greatly pleased with you.
You visited 2 branches of the dungeon, and saw 11 of its levels.
You also visited: Ossuary.

You collected 574 gold pieces.
You spent 511 gold pieces at shops.


Innate Abilities, Weirdness & Mutations

You have a beak for a mouth.
You have claws for feet.
Your magical nature lets you fly swiftly and evasively.


   Skills:
 - Level 6.0(11.0) Fighting
 + Level 13.2(18.2) Axes
 - Level 4.3(9.3) Throwing
 - Level 7.0(12.0) Armour
 - Level 3.0(8.0) Dodging
 - Level 2.0 Spellcasting
 - Level 2.4 Translocations
 + Level 4.7 Invocations


You had 14 spell levels left.
You didn't know any spells.
Your spell library contained the following spells:

 Spells                   Type           Power      Damage    Failure   Level
 Blink                    Tloc           14%        N/A       98%         2
 Gell's Gravitas          Tloc           7%         N/A       100%        3
 Lesser Beckoning         Tloc           7%         N/A       100%        3
 Teleport Other           Tloc           7%         N/A       100%        3
 Manifold Assault         Tloc           7%         N/A       100%        5

Inventory:

Hand Weapons
 q - a -1 demon whip
 Y - a +1 war axe (weapon)
Missiles
 d - 3 boomerangs (quivered)
 h - a silver javelin
 p - 6 javelins
Armour
 c - a +2 plate armour (worn)
 f - a +2 pair of gloves (worn)
 i - a +2 cloak (worn)
Jewellery
 k - a ring of ice
 l - a ring of wizardry
 m - a +4 ring of evasion (right hand)
 r - a ring of protection from fire
 u - the ring of Nipij (left hand) {rPois Will+ SInv}
   (You found it on level 8 of the Dungeon)

   [ring of poison resistance]

   rPois:     It protects you from poison.
   SInv:      It lets you see invisible.
   Will:      It increases your willpower.
Scrolls
 a - 8 scrolls of identify
 e - 4 scrolls of teleportation
Potions
 b - 7 potions of mutation
 g - 6 potions of heal wounds
 j - 2 potions of haste
 o - a potion of might
 t - 3 potions of curing

Dungeon Overview and Level Annotations

Branches:
Dungeon (10/15)            Temple (1/1) D:5             Orc (0/2) D:9
Ossuary (visited)
   Lair: D:8-11

Altars:
Ashenzari
Cheibriados
Dithmenos
Elyvilon
Fedhas
Gozag
Hepliaklqana
Kikubaaqudgha
Makhleb
Nemelex Xobeh
Okawaru
Qazlal
Ru
Sif Muna
Trog
Uskayaw
Vehumet
Wu Jian
Xom
Yredelemnul
Zin
The Shining One

Shops:
D:2 *   D:6 :   D:7 *   D:8 :[?[?   D:10 [

Portals:
Abyss: D:4

Annotations:
D:4 2 transporters, qw's ghost, amateur TeWr
D:6 2 transporters, qw's ghost, novice TeWr
D:8 1 transporter
D:10 1 transporter, Snorg; qw's ghost, journeyman TeWr


Message History

The centaur shoots an arrow.
The arrow misses you.
You hit Snorg. You claw Snorg! You punch Snorg, but do no damage.
Snorg is lightly wounded.
The howler monkey hoots and howls with incredible vigour!
Snorg goes berserk!
You hear a shout!
You hear a bellow! x2; You hear an angry hiss.
You slice Snorg!! You claw Snorg!
Snorg is moderately wounded.
You closely miss the centaur.
The centaur unwields a +0 shortbow.
The centaur barely misses you.
The centaur kicks you but does no damage.
Snorg barely misses you. Snorg claws you but does no damage. x2
You slash Snorg! You claw Snorg. You peck Snorg.
Snorg is moderately wounded.
You hit the centaur. The centaur misses you.
The centaur kicks you but does no damage.
Snorg bites you! Snorg claws you! Snorg claws you.
You closely miss Snorg. You claw Snorg. You peck Snorg.
Snorg is heavily wounded.
You closely miss the centaur.
You hit the howler monkey but do no damage.
The centaur hits you.
The centaur kicks you but does no damage.
The howler monkey barely misses you. Snorg barely misses you. Snorg claws you!
Snorg claws you.
You barely miss Snorg. You claw Snorg! Your punch misses Snorg.
Snorg is heavily wounded.
You hit the centaur.
You hit the howler monkey but do no damage.
The centaur hits you but does no damage.
The centaur kicks you but does no damage.
The howler monkey hoots and howls with incredible vigour!
Snorg barely misses you. Snorg claws you but does no damage. Snorg claws you!
You hear an angry hiss.
You hear a bellow!
You hear a howl! x2
10572 ||| READING 5 scrolls of teleportation.
As you read the scroll of teleportation, it crumbles to dust.
You feel strangely unstable. The centaur hits you.
You die...

......................# #...# #
......................#####...# #
..............................###
................................
..................######......
.................# #......
................# #......
............# #......
......T@....# #......
......ch....# #......
............# #......
............# ..[.........#
............# ............#
............#


You could see Snorg (berserk), a centaur and a howler monkey (catching breath).

Vanquished Creatures
  2 two-headed ogres (D:8)
  Maurice (D:8)
  3 shadows (D:9)
  Eustachio (D:6)
  5 yaks (D:9)
  A wyvern (D:9)
  2 steam dragons
  2 water moccasins (D:5)
  2 ice beasts
  An orc warrior (D:7)
  A black bear (D:5)
  4 centaurs
  2 phantoms
  A kobold brigand (D:7)
  An elf zombie (Ossuary)
  A gnoll sergeant (D:9)
  A bullfrog (D:8)
  A necrophage (D:6)
  4 scorpions
  2 troll zombies (D:9)
  7 wights
  9 killer bees
  A howler monkey (D:6)
  2 centaur zombies (Ossuary)
  2 gnoll boudas (D:8)
  A hound (D:5)
  A jelly (D:6)
  An orc priest (D:7)
  An iron imp (D:5)
  3 orc wizards
  5 iguanas
  5 ogre zombies (D:9)
  2 mummies (Ossuary)
  13 gnolls
  6 adders
  A white imp (D:7)
  3 ufetubi (D:6)
  2 worms (D:2)
  2 dart slugs
  24 orcs
  10 endoplasms
  4 giant cockroaches
  9 goblins
  7 hobgoblins
  4 jackals (D:2)
  9 kobolds
  6 quokkas
  4 ball pythons
  6 bats
  A frilled lizard (D:1)
  A goblin skeleton (D:9)
  A goblin zombie (D:9)
  2 hobgoblin skeletons (D:9)
  12 hobgoblin zombies
  6 jackal zombies (Ossuary)
  8 kobold zombies (Ossuary)
  2 orc skeletons (D:9)
  25 orc zombies
  7 rats
  A rat zombie (Ossuary)
254 creatures vanquished.

Vanquished Creatures (others)
  2 plants (D:2)
2 creatures vanquished.

Grand Total: 256 creatures vanquished

Notes
Turn   | Place    | Note
-------+----------+-------------------------------------------
     0 | D:1      | qw the Tengu Warper began the quest for the Orb.
     0 | D:1      | Reached XP level 1. HP: 12/12 MP: 4/4
     0 | D:1      | 0 ||| qw: Version: 0.1-a-89-g26bdef1
     0 | D:1      | 0 ||| qw: Game counter: 2388
     0 | D:1      | 0 ||| qw: Always use a shield: true
     0 | D:1      | 0 ||| qw: God list: Okawaru
     0 | D:1      | 0 ||| qw: Allow faded altars: false
     0 | D:1      | 0 ||| qw: Do Orc after D:15 true
     0 | D:1      | 0 ||| qw: Do second Lair branch before Depths: true
     0 | D:1      | 0 ||| qw: Lair rune preference: random
     0 | D:1      | 0 ||| qw: Plans: Normal
     0 | D:1      | 0 ||| PLANNING D:1-11
   244 | D:1      | 244 ||| Stepping ~*~*~tactically~*~*~ (hiding).
   346 | D:1      | 346 ||| Stepping ~*~*~tactically~*~*~ (hiding).
   448 | D:1      | 448 ||| Stepping ~*~*~tactically~*~*~ (hiding).
   550 | D:1      | 550 ||| Stepping ~*~*~tactically~*~*~ (hiding).
   551 | D:1      | 551 ||| Stepping ~*~*~tactically~*~*~ (hiding).
   563 | D:1      | Reached skill level 3 in Axes
   563 | D:1      | Reached XP level 2. HP: 16/17 MP: 6/6
   787 | D:1      | Found a faded altar of an unknown god.
  1158 | D:1      | 1158 ||| UPGRADING to +0 ring mail.
  1168 | D:1      | 1168 ||| DROPPING +0 leather armour.
  1169 | D:1      | 1169 ||| UPGRADING to +0 cloak.
  1174 | D:1      | 1174 ||| UPGRADING to ring of protection from fire.
  1175 | D:1      | 1175 ||| READING 2 scrolls labelled MIWKOYDUJEZ.
  1176 | D:1      | 1176 ||| READING 3 scrolls labelled ZAXEEME TOCH.
  1181 | D:1      | 1181 ||| READING scroll labelled XOS VAFANLYUN.
  1182 | D:1      | 1182 ||| READING scroll labelled VILIEGG UZXAN.
  1183 | D:1      | 1183 ||| DROPPING scroll of blinking.
  1258 | D:2      | 1258 ||| Stepping ~*~*~tactically~*~*~ (stealth).
  1433 | D:2      | 1433 ||| DROPPING +0 club.
  1478 | D:2      | Reached XP level 3. HP: 21/21 MP: 7/7
  1528 | D:2      | 1528 ||| Stepping ~*~*~tactically~*~*~ (stealth).
  1546 | D:2      | Reached skill level 4 in Axes
  1567 | D:2      | Found Pihowiz's Assorted Antiques.
  1589 | D:2      | 1589 ||| BUYING fuming sapphire potion (20 gold).
  1589 | D:2      | Bought a fuming sapphire potion for 20 gold pieces
  1589 | D:2      | 1589 ||| SHOPLISTING large bone ring (115 gold, have 79).
  1589 | D:2      | 1589 ||| BUYING scroll labelled ROILUY VUXA (23 gold).
  1589 | D:2      | Bought a scroll labelled ROILUY VUXA for 23 gold pieces
  1589 | D:2      | 1589 ||| BUYING viscous sapphire potion (20 gold).
  1589 | D:2      | Bought a viscous sapphire potion for 20 gold pieces
  1842 | D:2      | 1842 ||| Stepping ~*~*~tactically~*~*~ (stealth).
  1890 | D:2      | 1890 ||| Stepping ~*~*~tactically~*~*~ (stealth).
  2116 | D:2      | 2116 ||| UPGRADING to +0 scale mail.
  2126 | D:2      | 2126 ||| DROPPING +0 ring mail.
  2127 | D:2      | 2127 ||| READING scroll labelled UDARIDGHUMUE.
  2128 | D:2      | 2128 ||| READING scroll labelled ROILUY VUXA.
  2129 | D:2      | 2129 ||| DRINKING 3 fuming sapphire potions.
  2177 | D:2      | 2177 ||| READING 2 scrolls of identify.
  2177 | D:2      | 2177 ||| IDENTIFYING emerald potion
  2178 | D:2      | 2178 ||| DROPPING 2 potions of lignification.
  2213 | D:3      | Reached XP level 4. HP: 26/26 MP: 8/8
  2585 | D:3      | Reached skill level 5 in Axes
  2590 | D:3      | Found a blossoming altar of Fedhas.
  2598 | D:3      | 2598 ||| READING scroll of enchant armour.
  2598 | D:3      | 2598 ||| ENCHANTING +0 cloak.
  2616 | D:3      | 2616 ||| Stepping ~*~*~tactically~*~*~ (stealth).
  2642 | D:3      | 2642 ||| DROPPING +0 whip.
  2877 | D:3      | 2877 ||| UPGRADING to +1 pair of gloves.
  2882 | D:3      | 2882 ||| DROPPING ring of ice.
  2883 | D:3      | 2883 ||| UPGRADING to +4 ring of evasion.
  2884 | D:3      | 2884 ||| READING 2 scrolls of identify.
  2884 | D:3      | 2884 ||| IDENTIFYING gluggy blue potion
  2996 | D:4      | 2996 ||| Stepping ~*~*~tactically~*~*~ (stealth).
  2997 | D:4      | 2997 ||| Stepping ~*~*~tactically~*~*~ (stealth).
  2998 | D:4      | 2998 ||| Stepping ~*~*~tactically~*~*~ (stealth).
  3003 | D:4      | 3003 ||| Stepping ~*~*~tactically~*~*~ (stealth).
  3031 | D:4      | Gained mutation: Your magical nature lets you fly swiftly
                  | and evasively. [Tengu growth]
  3031 | D:4      | Reached XP level 5. HP: 30/30 MP: 9/9
  3120 | D:4      | Found a transporter.
  3122 | D:4      | Found a transporter.
  3130 | D:4      | Found a one-way gate to the infinite horrors of the Abyss.
  3130 | D:4      | Noticed qw's ghost (amateur TeWr)
  3160 | D:4      | 3160 ||| Stepping ~*~*~tactically~*~*~ (stealth).
  3169 | D:4      | Reached skill level 6 in Axes
  3177 | D:4      | 3177 ||| FLEEEEING.
  3183 | D:4      | 3183 ||| STAIRDANCE
  3237 | D:3      | 3237 ||| UPGRADING to +4 ring mail of poison resistance.
  3247 | D:3      | 3247 ||| DROPPING +0 scale mail.
  3248 | D:3      | 3248 ||| DRINKING 2 silvery potions.
  3328 | D:4      | 3328 ||| FLEEEEING.
  3329 | D:4      | 3329 ||| FLEEEEING.
  3580 | D:4      | 3580 ||| READING 2 scrolls labelled NAIZEA XETTEL.
  3581 | D:4      | 3581 ||| DROPPING scroll of amnesia.
  3589 | D:5      | Entered Level 5 of the Dungeon
  3625 | D:5      | Noticed a water moccasin
  3627 | D:5      | 3627 ||| Stepping ~*~*~tactically~*~*~ (stealth).
  3639 | D:5      | Killed a water moccasin
  3640 | D:5      | Reached skill level 7 in Axes
  3640 | D:5      | Reached XP level 6. HP: 32/35 MP: 10/10
  3720 | D:5      | Reached skill level 3 in Fighting
  3720 | D:5      | Reached XP level 7. HP: 25/41 MP: 11/11
  3952 | D:5      | Found a snail-covered altar of Cheibriados.
  4095 | D:5      | Reached skill level 8 in Axes
  4229 | D:5      | Found a broken altar of Ashenzari.
  4294 | D:5      | Found a shimmering blue altar of Sif Muna.
  4340 | D:5      | Found a staircase to the Ecumenical Temple.
  4341 | D:5      | 4341 ||| PLANNING TEMPLE
  4341 | D:5      | 4341 ||| READING scroll labelled ONABBU QUOQIF.
  4342 | D:5      | 4342 ||| READING 2 scrolls labelled BOEBOK HIGILAX.
  4343 | D:5      | 4343 ||| READING scroll labelled PYTTEI BUAFO.
  4344 | D:5      | 4344 ||| DRINKING 2 lumpy silvery potions.
  4345 | D:5      | 4345 ||| DROPPING potion of brilliance.
  4346 | D:5      | 4346 ||| DROPPING scroll of fear.
  4354 | Temple   | Entered the Ecumenical Temple
  4407 | Temple   | Became a worshipper of Warmaster Okawaru
  4437 | Temple   | 4437 ||| PLANNING D:1-11
  4575 | D:5      | Reached skill level 3 in Dodging
  4749 | D:5      | 4749 ||| UPGRADING to +0 plate armour.
  4759 | D:5      | 4759 ||| DROPPING +0 chain mail.
  4760 | D:5      | 4760 ||| DROPPING +4 ring mail of poison resistance.
  4761 | D:5      | 4761 ||| DRINKING 2 bubbling white potions.
  4762 | D:5      | 4762 ||| DROPPING potion of flight.
  4797 | D:6      | Found a transporter.
  4798 | D:6      | 4798 ||| PLANNING OSSUARY
  4804 | D:6      | Noticed qw's ghost (novice TeWr)
  4804 | D:6      | Noticed a wyvern
  4808 | D:6      | Found a transporter.
  4869 | D:6      | Found a sand-covered staircase.
  4878 | Ossuary  | Entered an ossuary
  5101 | Ossuary  | Reached skill level 3 in Armour
  5101 | Ossuary  | Reached XP level 8. HP: 46/46 MP: 12/12
  5326 | Ossuary  | 5326 ||| Stepping ~*~*~tactically~*~*~ (stealth).
  5462 | Ossuary  | 5462 ||| READING 2 scrolls of enchant armour.
  5462 | Ossuary  | 5462 ||| ENCHANTING +1 pair of gloves.
  5463 | Ossuary  | 5463 ||| READING scroll of enchant armour.
  5463 | Ossuary  | 5463 ||| ENCHANTING +1 cloak.
  5490 | D:6      | 5490 ||| PLANNING D:1-11
  5679 | D:6      | 5679 ||| DRINKING 6 potions of curing.
  5679 | D:6      | 5679 ||| (to cure confusion)
  5685 | D:6      | HP: 7/46 [acid (5)]
  5686 | D:6      | 5686 ||| READING 3 scrolls of teleportation.
  5687 | D:6      | 5687 ||| DRINKING 6 potions of heal wounds.
  5689 | D:6      | 5689 ||| DRINKING 5 potions of heal wounds.
  5690 | D:6      | 5690 ||| DRINKING 5 potions of curing.
  5690 | D:6      | 5690 ||| (to cure confusion)
  5694 | D:6      | 5694 ||| FLEEEEING.
  5695 | D:6      | 5695 ||| FLEEEEING.
  5696 | D:6      | 5696 ||| FLEEEEING.
  5697 | D:6      | 5697 ||| FLEEEEING.
  5698 | D:6      | 5698 ||| FLEEEEING.
  5699 | D:6      | 5699 ||| FLEEEEING.
  5700 | D:6      | 5700 ||| DRINKING 4 potions of curing.
  5700 | D:6      | 5700 ||| (to cure confusion)
  5701 | D:6      | 5701 ||| FLEEEEING.
  5702 | D:6      | 5702 ||| FLEEEEING.
  5705 | D:6      | 5705 ||| FLEEEEING.
  5708 | D:6      | 5708 ||| STAIRDANCE
  5743 | D:5      | 5743 ||| DRINKING 2 clear potions.
  5744 | D:5      | 5744 ||| DROPPING potion of attraction.
  5748 | D:6      | Reached skill level 9 in Axes
  5754 | D:6      | 5754 ||| STAIRDANCE
  5896 | D:6      | 5896 ||| Stepping ~*~*~tactically~*~*~ (stealth).
  5897 | D:6      | 5897 ||| Stepping ~*~*~tactically~*~*~ (stealth).
  5899 | D:6      | 5899 ||| Stepping ~*~*~tactically~*~*~ (hiding).
  5914 | D:6      | Reached * piety under Okawaru
  5918 | D:6      | 5918 ||| Stepping ~*~*~tactically~*~*~ (stealth).
  5919 | D:6      | 5919 ||| Stepping ~*~*~tactically~*~*~ (stealth).
  5945 | D:6      | 5945 ||| FLEEEEING.
  6010 | D:6      | Reached skill level 1 in Invocations
  6031 | D:6      | Found an ancient bone altar of Kikubaaqudgha.
  6152 | D:6      | Found Miskolib's Book Emporium.
  6153 | D:6      | Noticed Eustachio
  6154 | D:6      | 6154 ||| INVOKING Heroism.
  6170 | D:6      | 6170 ||| INVOKING Heroism.
  6180 | D:6      | Killed Eustachio
  6205 | D:6      | 6205 ||| READING scroll labelled XYPPABRASIN.
  6252 | D:7      | 6252 ||| Stepping ~*~*~tactically~*~*~ (stealth).
  6254 | D:7      | 6254 ||| Stepping ~*~*~tactically~*~*~ (stealth).
  6256 | D:7      | 6256 ||| INVOKING Heroism.
  6257 | D:7      | 6257 ||| Stepping ~*~*~tactically~*~*~ (hiding).
  6258 | D:7      | 6258 ||| Stepping ~*~*~tactically~*~*~ (hiding).
  6276 | D:7      | Reached XP level 9. HP: 32/52 MP: 11/13
  6397 | D:7      | 6397 ||| READING scroll of enchant armour.
  6397 | D:7      | 6397 ||| ENCHANTING +0 plate armour.
  6408 | D:7      | 6408 ||| Stepping ~*~*~tactically~*~*~ (hiding).
  6462 | D:7      | 6462 ||| Stepping ~*~*~tactically~*~*~ (hiding).
  6463 | D:7      | 6463 ||| Stepping ~*~*~tactically~*~*~ (hiding).
  6464 | D:7      | 6464 ||| Stepping ~*~*~tactically~*~*~ (hiding).
  6465 | D:7      | 6465 ||| Stepping ~*~*~tactically~*~*~ (hiding).
  6471 | D:7      | Reached skill level 10 in Axes
  6471 | D:7      | Reached skill level 3 in Invocations
  6547 | D:7      | Found Tofithod's Lightly-Used Armoury.
  6555 | D:7      | 6555 ||| BUYING -1 demon whip (110 gold).
  6555 | D:7      | Bought a -1 demon whip for 110 gold pieces
  6555 | D:7      | 6555 ||| SHOPLISTING -1 gold dragon scales (825 gold, have
                  | 252).
  6555 | D:7      | 6555 ||| DROPPING +0 morningstar.
  6660 | D:7      | 6660 ||| Stepping ~*~*~tactically~*~*~ (stealth).
  6662 | D:7      | 6662 ||| Stepping ~*~*~tactically~*~*~ (stealth).
  6823 | D:7      | Found a shadowy altar of Dithmenos.
  6825 | D:7      | Found a sacrificial altar of Ru.
  6826 | D:7      | Found a shimmering altar of Xom.
  6920 | D:7      | 6920 ||| Stepping ~*~*~tactically~*~*~ (stealth).
  6934 | D:7      | 6934 ||| INVOKING Heroism.
  7105 | D:7      | Reached ** piety under Okawaru
  7189 | D:7      | 7189 ||| READING 2 scrolls of identify.
  7189 | D:7      | 7189 ||| IDENTIFYING golden potion
  7374 | D:8      | 7374 ||| Stepping ~*~*~tactically~*~*~ (stealth).
  7470 | D:8      | 7470 ||| SWAPPING to +4 hand axe.
  7471 | D:8      | 7471 ||| DROPPING +0 hand axe.
  7557 | D:8      | Found Orexet's Armour Shoppe.
  7559 | D:8      | 7559 ||| Stepping ~*~*~tactically~*~*~ (stealth).
  7562 | D:8      | 7562 ||| INVOKING Heroism.
  7597 | D:8      | Found Sasiatz's Magic Scroll Shop.
  7604 | D:8      | Noticed a two-headed ogre
  7605 | D:8      | 7605 ||| INVOKING Heroism.
  7617 | D:8      | Killed a two-headed ogre
  7618 | D:8      | Reached skill level 11 in Axes
  7802 | D:8      | 7802 ||| BUYING scroll of identify (30 gold).
  7802 | D:8      | Bought a scroll of identify for 30 gold pieces
  7802 | D:8      | 7802 ||| BUYING scroll of identify (30 gold).
  7802 | D:8      | Bought a scroll of identify for 30 gold pieces
  7802 | D:8      | 7802 ||| BUYING scroll of identify (30 gold).
  7802 | D:8      | Bought a scroll of identify for 30 gold pieces
  7802 | D:8      | 7802 ||| BUYING scroll of identify (30 gold).
  7802 | D:8      | Bought a scroll of identify for 30 gold pieces
  7802 | D:8      | 7802 ||| BUYING scroll of teleportation (45 gold).
  7802 | D:8      | Bought a scroll of teleportation for 45 gold pieces
  7802 | D:8      | 7802 ||| BUYING scroll of teleportation (45 gold).
  7802 | D:8      | Bought a scroll of teleportation for 45 gold pieces
  7817 | D:8      | Noticed Maurice
  7818 | D:8      | 7818 ||| INVOKING Heroism.
  7824 | D:8      | Paralysed by Maurice for 5 turns
  7834 | D:8      | Paralysed by something for 5 turns
  7852 | D:8      | Killed Maurice
  7853 | D:8      | Reached skill level 6 in Armour
  7853 | D:8      | Reached XP level 10. HP: 56/59 MP: 14/14
  7871 | D:8      | Identified the ring of Nipij {rPois Will+ SInv}
  7873 | D:8      | 7873 ||| SWAPPING to +0 war axe.
  7874 | D:8      | 7874 ||| DROPPING +4 hand axe.
  7976 | D:8      | Found Optuzyil's Magic Scroll Emporium.
  7984 | D:8      | 7984 ||| BUYING 2 scrolls of identify (64 gold).
  7984 | D:8      | Bought 2 scrolls of identify for 64 gold pieces
  7984 | D:8      | 7984 ||| BUYING scroll of identify (32 gold).
  7984 | D:8      | Bought a scroll of identify for 32 gold pieces
  7984 | D:8      | 7984 ||| BUYING scroll of identify (32 gold).
  7984 | D:8      | Bought a scroll of identify for 32 gold pieces
  7992 | D:8      | Found a transporter.
  8124 | D:8      | 8124 ||| Stepping ~*~*~tactically~*~*~ (hiding).
  8127 | D:8      | 8127 ||| Stepping ~*~*~tactically~*~*~ (hiding).
  8130 | D:8      | 8130 ||| INVOKING Heroism.
  8147 | D:8      | Noticed a two-headed ogre
  8154 | D:8      | Killed a two-headed ogre
  8154 | D:8      | Reached *** piety under Okawaru
  8155 | D:8      | Reached skill level 12 in Axes
  8207 | D:8      | Found Loyxieci's Armour Boutique.
  8224 | D:8      | Found Iqu Ops's Book Boutique.
  8269 | D:8      | 8269 ||| INVOKING Heroism.
  8588 | D:8      | 8588 ||| READING scroll of enchant armour.
  8588 | D:8      | 8588 ||| ENCHANTING +1 plate armour.
  8912 | D:8      | 8912 ||| UPGRADING to ring of Nipij {rPois Will+ SInv}.
  8914 | D:8      | 8914 ||| READING 3 scrolls labelled GURGHO HEAWEKHO.
  8915 | D:8      | 8915 ||| READING 9 scrolls of identify.
  8915 | D:8      | 8915 ||| IDENTIFYING lumpy dark potion
  8916 | D:8      | 8916 ||| READING 8 scrolls of identify.
  8916 | D:8      | 8916 ||| IDENTIFYING viscous sapphire potion
  8917 | D:8      | 8917 ||| DROPPING 2 scrolls of summoning.
  8918 | D:8      | 8918 ||| DROPPING potion of ambrosia.
  8919 | D:8      | 8919 ||| DROPPING potion of berserk rage.
  8976 | D:9      | 8976 ||| INVOKING Heroism.
  8977 | D:9      | Received a gift from Okawaru
  8987 | D:9      | Reached skill level 6 in Fighting
  9051 | D:9      | 9051 ||| INVOKING Heroism.
  9082 | D:9      | HP: 15/60 [poisoned by a gnoll sergeant]
  9083 | D:9      | 9083 ||| FLEEEEING.
  9084 | D:9      | 9084 ||| FLEEEEING.
  9085 | D:9      | 9085 ||| FLEEEEING.
  9086 | D:9      | 9086 ||| FLEEEEING.
  9087 | D:9      | HP: 10/60 [poisoned by a gnoll sergeant]
  9130 | D:9      | 9130 ||| FLEEEEING.
  9151 | D:9      | 9151 ||| FLEEEEING.
  9152 | D:9      | 9152 ||| FLEEEEING.
  9160 | D:9      | 9160 ||| Stepping ~*~*~tactically~*~*~ (stealth).
  9174 | D:9      | 9174 ||| Stepping ~*~*~tactically~*~*~ (stealth).
  9378 | D:9      | 9378 ||| INVOKING Heroism.
  9434 | D:9      | 9434 ||| Stepping ~*~*~tactically~*~*~ (stealth).
  9556 | D:9      | 9556 ||| INVOKING Heroism.
  9558 | D:9      | Reached skill level 3 in Throwing
  9768 | D:9      | 9768 ||| Stepping ~*~*~tactically~*~*~ (hiding).
  9774 | D:9      | Reached skill level 13 in Axes
  9941 | D:9      | 9941 ||| Stepping ~*~*~tactically~*~*~ (stealth).
 10005 | D:9      | 10005 ||| Stepping ~*~*~tactically~*~*~ (stealth).
 10024 | D:9      | 10024 ||| Stepping ~*~*~tactically~*~*~ (stealth).
 10042 | D:9      | Reached **** piety under Okawaru
 10052 | D:9      | Found a staircase to the Orcish Mines.
 10054 | D:9      | 10054 ||| Stepping ~*~*~tactically~*~*~ (stealth).
 10056 | D:9      | 10056 ||| INVOKING Heroism.
 10163 | D:9      | 10163 ||| Stepping ~*~*~tactically~*~*~ (stealth).
 10165 | D:9      | 10165 ||| Stepping ~*~*~tactically~*~*~ (stealth).
 10316 | D:9      | 10316 ||| DROPPING ring of magical power.
 10317 | D:9      | 10317 ||| READING scroll labelled VYDGHUTROTHE.
 10345 | D:10     | Entered Level 10 of the Dungeon
 10418 | D:10     | Reached XP level 11. HP: 56/63 MP: 15/15
 10502 | D:10     | Noticed qw's ghost (journeyman TeWr)
 10515 | D:10     | Found a transporter.
 10532 | D:10     | Found Tedyvur's Armour Shoppe.
 10544 | D:10     | 10544 ||| SHOPLISTING +0 plate armour "Beeloketed" {rC+
                  | Will+ Dex+4} (714 gold, have 63).
 10563 | D:10     | Noticed Snorg
 10564 | D:10     | 10564 ||| INVOKING Heroism.
 10571 | D:10     | HP: 1/64 [Snorg (16)]
 10572 | D:10     | 10572 ||| READING 5 scrolls of teleportation.
 10572 | D:10     | Slain by a centaur

Levels and vault maps discovered:
D:1:      spicycebolla_green_bress_n_ham, layout_loops_ring,
          hellmonk_ecumenical_altar_inner_sanctum
D:2:      layout_loops_ring, serial_shops, nicolae_shop_overgrown_old_shop
D:3:      layout_basic, nicolae_overflow_crystal_walls, kennysheep_potato
D:4:      layout_cave_pools, gammafunk_ghost_abyssal_escape
D:5:      layout_loops_cross, lemuel_blue_sif_altar,
          mainiacjoe_overflow_alcove_4, slow_altar_1,
          minmay_temple_entry_glassed_door, hangedman_abyss_or_decor_stabs
D:6:      layout_rooms, mainiacjoe_overflow_six_doors_small,
          gammafunk_ghost_arena, serial_curves, eino_curves_04, eino_curves_04,
          nicolae_ossuary_entry_monument, serial_shops, shop, uniq_eustachio
D:7:      layout_basic, minitemple, minmay_shop_damaged
D:8:      layout_layer_cave, serial_shops, nicolae_shop_trees,
          nicolae_shop_competitors_out_of_business, shop_statue,
          nicolae_shop_hallway_stairs, nicolae_shop_hallway_plus,
          nicolae_diode_basic, uniq_maurice
D:9:      layout_roguey, zombieorc2_lemuel, minivault_26, kennysheep_flooded_box
D:10:     layout_long_grid, serial_shops, nicolae_diamond_shop,
          gammafunk_ghost_stat_death, nicolae_shop_clearance, uniq_josephine,
          uniq_snorg, uniq_urug
Temple:   jpeg_temple_clearing

Skill      XL: |  1  2  3  4  5  6  7  8  9 10 |
---------------+-------------------------------+-----
Axes           | 3 4 5 7 8 9 11 13 | 13.2
Fighting       | 3 4 5 6 |  6.0
Dodging        | 3 |  3.0
Armour         | 3 4 6 7 |  7.0
Invocations    | 2 4 |  4.7
Throwing       | 4 |  4.3
Spellcasting   | |  2.0
Translocations | |  2.4

Action                   |  1- 3 |  4- 6 |  7- 9 | 10-12 || total
-------------------------+-------+-------+-------+-------++-------
Melee: Hand axe          |    88 |   117 |   390 |       ||   595
       Kick              |    23 |    37 |   133 |    74 ||   267
       Peck              |    13 |    21 |    74 |    35 ||   143
       Punch             |     1 |     2 |     6 |     8 ||    17
       War axe           |       |       |       |   195 ||   195
Throw: Boomerang         |     7 |    31 |    31 |    34 ||   103
       Javelin           |       |       |       |    14 ||    14
Invok: Heroism           |       |       |     7 |     8 ||    15
  Use: Scroll            |     7 |     3 |     9 |     6 ||    25
       Potion            |     1 |     1 |     8 |       ||    10
Armor: Leather armour    |     4 |       |       |       ||     4
       Ring mail         |    12 |    11 |    11 |       ||    34
       Scale mail        |       |    24 |       |       ||    24
       Plate armour      |       |       |   155 |   102 ||   257
Dodge: Dodged            |    43 |    77 |   171 |   133 ||   424

Table legend:
 A = Non-vault XP
 B = Vault XP
 C = Vault XP percentage of total XP
 D = Non-vault monster count
 E = Vault monster count
 F = Vault count percentage of total count
                 A         B        C        D         E       F
            +---------+---------+-------+---------+---------+-------
      Total |    7639 |    1762 |  18.7 |     176 |      78 |  30.7
            +---------+---------+-------+---------+---------+-------
        D:1 |      26 |       0 |   0.0 |      15 |       0 |   0.0
        D:2 |      55 |       0 |   0.0 |      28 |       0 |   0.0
        D:3 |      64 |       5 |   7.2 |      15 |       2 |  11.8
        D:4 |     159 |       0 |   0.0 |      21 |       0 |   0.0
        D:5 |     726 |      39 |   5.1 |      10 |       1 |   9.1
        D:6 |     665 |     203 |  23.4 |      15 |       1 |   6.2
        D:7 |     743 |       0 |   0.0 |      19 |       0 |   0.0
        D:8 |    2548 |     439 |  14.7 |      25 |       1 |   3.8
        D:9 |    2249 |     822 |  26.8 |      23 |      34 |  59.6
       D:10 |     404 |       0 |   0.0 |       5 |       0 |   0.0
    Ossuary |       0 |     254 | 100.0 |       0 |      39 | 100.0
            +---------+---------+-------+---------+---------+-------
